 Dungeon Crawl Stone Soup version 0.16-a0-119-gc74d62a (webtiles) character file.

102 Chiseanne the Magician (level 4, 0/30 HPs)
             Began as a Demonspawn Wizard on Aug 12, 2014.
             Slain by Terence
             ... wielding a +0 falchion
              (1 damage)
             ... on Level 3 of the Dungeon.
             The game lasted 00:08:03 (3366 turns).

Chiseanne the Magician (Demonspawn Wizard)          Turns: 3366, Time: 00:08:03

HP   0/30        AC  4     Str  7      XL: 4   Next: 49%
MP   2/11        EV 10     Int 25      God:
Gold 122         SH  0     Dex 12      Spells:  5 memorised,  0 levels left

rFire  . . .     SeeInvis .     e - +0 short sword
rCold  . . .     Clarity  .     t - +0 leather armour
rNeg   . . .     rCorr    .     (no shield)
rPois  .         rRot     .     b - +0 hat
rElec  .         Spirit   .     (no cloak)
SustAb .         Warding  .     (no gloves)
rMut   .         Stasis   .     f - +0 pair of boots
Gourm  .                        (no amulet)
MR     .....                    (no ring)
                                (no ring)

@: brilliant, flying, repel missiles, not resistant to hostile enchantments,
unstealthy
A: antennae 1, powered by pain 1
a: no special abilities


You were on level 3 of the Dungeon.
You were very hungry.

You visited 1 branch of the dungeon, and saw 3 of its levels.

You collected 122 gold pieces.

Inventory:

Hand weapons
 e - a +0 short sword (weapon)
Armour
 b - a +0 hat (worn)
 f - a +0 pair of boots (worn)
 t - a +0 leather armour (worn)
Comestibles
 d - 6 bread rations
 m - a beef jerky
 p - a meat ration
Scrolls
 a - a scroll of magic mapping
 g - a scroll of immolation
Books
 c - a book of Minor Magic

   Spells                             Type                      Level
   *Magic Dart                        Conjuration                  1
   *Blink                             Translocation                2
   Call Imp                           Summoning                    2
   *Repel Missiles                    Charms/Air                   2
   Slow                               Hexes                        2
   *Conjure Flame                     Conjuration/Fire             3
   *Mephitic Cloud                    Conjuration/Poison/Air       3


   Skills:
 - Level 1.7 Dodging
 - Level 1.7 Stealth
 * Level 4.4 Spellcasting
 * Level 2.4 Conjurations
   Level 1.0 Summonings
 - Level 0.8 Translocations


You couldn't memorise any spells.
You knew the following spells:

 Your Spells              Type           Power        Failure   Level  Hunger
a - Magic Dart            Conj           ####         1%          1    None
b - Conjure Flame         Conj/Fire      ####....     2%          3    ##.....
c - Mephitic Cloud        Conj/Pois/Air  ###.....     2%          3    ##.....
d - Repel Missiles        Chrm/Air       ###...       1%          2    None
e - Blink                 Tloc           N/A          1%          2    None


Dungeon Overview and Level Annotations

Branches:
Dungeon (3/15)

Altars:
Ashenzari
The Shining One

Annotations:
D:3 Terence


Innate Abilities, Weirdness & Mutations

You have a pair of small antennae on your head.
You sometimes gain a little power by taking damage.


Message History

The jackal completely misses you. Terence closely misses you.
The jackal bites you but does no damage.
Casting: Magic Dart
Confirm with . or Enter, or press ? or * to list all spells.
You don't have enough magic to cast that spell.
Unknown command.
You hit Terence but do no damage.
Terence is moderately wounded.
Terence hits you with a falchion.
* * * LOW HITPOINT WARNING * * *
The jackal closely misses you.
You barely miss Terence.
Terence is moderately wounded.
The jackal closely misses you. Terence barely misses you.
The jackal closely misses you.
You hit Terence but do no damage.
Terence is lightly wounded.
The jackal bites you but does no damage.
Terence hits you with a falchion.
You die...

**...**
*,**,**,,**,** * ***,
*#'#*
*,,,,,,,,,,,**,* *,,
#.# *******,******,*
*,*, ***** #.# *,*
*,,,,,,,
,,,,###.##### *,*
*,,**,*,
,**,#.......# *,*
*,,,,,,,
,*#,#.....#)# *,*
*,** ,
.##.#....##.#######.#
*,****,
..!...........%@@hhh#
*,**,,
..#.#.#.###.#########
*,**,** ,,#.#.#.# #.#
*, ,,,, ,*#,#.#.###.#
****,** ,,,,#.......#
* ** ****###.#####
*,,, ## #.# **** .#
#.# .# #.#


You could see Terence and 3 jackals.

Vanquished Creatures
  3 adders
  A giant mite (D:2)
  2 worms (D:2)
  A giant gecko (D:2)
  8 goblins
  7 hobgoblins
  7 jackals
  7 bats
  2 giant cockroaches
  7 giant newts
  10 kobolds
  3 rats (D:2)
  3 toadstools (D:1)
61 creatures vanquished.

Vanquished Creatures (others)
  A toadstool (D:1)
1 creature vanquished.

Grand Total: 62 creatures vanquished

Notes
Turn   | Place    | Note
--------------------------------------------------------------
     0 | D:1      | Chiseanne, the Demonspawn Wizard, began the quest for the Orb.
     0 | D:1      | Reached XP level 1. HP: 13/13 MP: 4/4
   477 | D:1      | Gained mutation: You have a pair of small antennae on your head. [demonic ancestry]
   477 | D:1      | Reached XP level 2. HP: 19/19 MP: 0/6
  1115 | D:2      | Found a shattered altar of Ashenzari.
  1311 | D:2      | Reached XP level 3. HP: 24/24 MP: 6/8
  1487 | D:2      | Reached skill level 4 in Spellcasting
  2390 | D:2      | Found a glowing golden altar of the Shining One.
  2400 | D:2      | Gained mutation: You sometimes gain a little power by taking damage. [demonic ancestry]
  2400 | D:2      | Reached XP level 4. HP: 30/30 MP: 7/11
  2868 | D:3      | Learned a level 3 spell: Conjure Flame
  2872 | D:3      | Learned a level 3 spell: Mephitic Cloud
  2875 | D:3      | Learned a level 2 spell: Call Imp
  2878 | D:3      | Learned a level 2 spell: Blink
  2886 | D:3      | Learned a level 2 spell: Repel Missiles
  3318 | D:3      | Noticed Terence
  3364 | D:3      | HP: 1/30 [Terence/falchion (2)]
  3366 | D:3      | Slain by Terence

Action                   |  1- 3 |  4- 6 || total
-------------------------+-------+-------++-------
Melee: Short sword       |    14 |    24 ||    38
 Cast: Magic Dart        |   110 |    45 ||   155
       Conjure Flame     |       |     2 ||     2
       Repel Missiles    |       |     1 ||     1
  Use: Scroll            |       |     7 ||     7
       Potion            |       |     4 ||     4
  Eat: Chunk             |     4 |     2 ||     6
